 Dungeon Crawl Stone Soup version 0.22.1-1-ga44c0e56f4 (webtiles) character file.

321 Peloso the Shield-Bearer (level 6, -3/53 HPs)
             Began as a Minotaur Fighter on Sept 23, 2018.
             Slain by a gnoll
             ... wielding a +0 flail
              (8 damage)
             ... on level 4 of the Dungeon.
             The game lasted 00:07:26 (3070 turns).

Peloso the Shield-Bearer (Minotaur Fighter)         Turns: 3070, Time: 00:07:26

Health: -3/53      AC: 12    Str: 21    XL:     6   Next: 22%
Magic:  5/5        EV:  4    Int:  5    God:
Gold:   70         SH: 10    Dex: 13    Spells: 5/5 levels left

rFire    . . .     SeeInvis .   a - +0 long sword
rCold    . . .     Gourm    .   c - +0 shield
rNeg     . . .     Faith    .   b - +0 plate armour
rPois    .         Spirit   .   (helmet restricted)
rElec    .         Reflect  .   (no cloak)
rCorr    +         Harm     .   (no gloves)
MR       .....                  (no boots)
Stlth    ..........             (no amulet)
HPRegen  0.17/turn              p - ring of resist corrosion
MPRegen  0.09/turn              t - +2 ring of dexterity

@: lethally poisoned (-3 -> -4)
A: retaliatory headbutt, horns 2
a: no special abilities


You were on level 4 of the Dungeon.
You were hungry.

You visited 1 branch of the dungeon, and saw 4 of its levels.

You collected 70 gold pieces.

Inventory:

Hand Weapons
 a - a +0 long sword (weapon)
 v - a +2 war axe of chopping
Armour
 b - a +0 plate armour (worn)
 c - a +0 shield (worn)
Jewellery
 p - a ring of resist corrosion (left hand)
 t - a +2 ring of dexterity (right hand)
Scrolls
 e - 3 scrolls of identify {unknown}
 g - a scroll of teleportation {unknown}
 h - a scroll of magic mapping {unknown}
 i - 2 scrolls of noise {unknown}
 r - 2 scrolls of remove curse {unknown}
 s - a scroll of enchant weapon {unknown}
 u - a scroll of enchant armour {unknown}
Potions
 d - a potion of might
 j - a potion of flight
 k - a potion of cancellation {unknown}
 l - 2 potions of heal wounds {unknown}
 m - a potion of magic {unknown}
 n - a potion of berserk rage
 o - a potion of degeneration {unknown}
Comestibles
 f - 5 rations


   Skills:
 + Level 4.4 Fighting
 + Level 5.0 Long Blades
 + Level 5.0 Armour
 + Level 0.2 Dodging
 + Level 5.7 Shields


You had 5 spell levels left.
You didn't know any spells.
Your spell library was empty.

Dungeon Overview and Level Annotations

Branches:
Dungeon (4/15)
 Temple: D:4-7

Altars:
Qazlal
Trog
Xom


Innate Abilities, Weirdness & Mutations

You reflexively headbutt those who attack you in melee.
You have a pair of horns on your head.


Message History

Unknown command.
The gnoll hits you but does no damage.
You hit the gnoll.
The gnoll is moderately wounded.
The gnoll hits you with a flail. You block the gnoll's attack.
You hit the gnoll.
The gnoll is severely wounded.
You feel sick.
The gnoll hits you but does no damage. x2
You hit the gnoll. You headbutt the gnoll.
You kill the gnoll!
The gnoll hits you with a flail!
* * * LOW HITPOINT WARNING * * *
The gnoll hits you with a flail.
* * * LOW HITPOINT WARNING * * *
Things that are here:
a spear; a gnoll corpse Unknown command.
Your plate armour prevents you from hitting the gnoll.
You feel sick. The gnoll hits you with a flail!
You die...

.... .....#
....####)....###
................
................
................
................
................
.......)..........
####+#.........g@.......
........###+###)####+###
....>...#.............#
...<....#.............#
........#.............#
........#....)........#
....<...#.............#
........###..##..######
...########..###+#


You could see a gnoll.

Vanquished Creatures
  A howler monkey (D:4)
  2 orc wizards (D:3)
  An orc priest (D:3)
  A worker ant (D:4)
  7 gnolls
  3 adders
  An ooze (D:1)
  A dart slug (D:1)
  3 leopard geckos
  6 orcs (D:3)
  4 giant cockroaches
  5 goblins
  5 hobgoblins
  3 jackals (D:3)
  8 kobolds
  2 quokkas
  A ball python (D:3)
  6 bats
  4 frilled lizards
  8 rats
72 creatures vanquished.

Notes
Turn   | Place    | Note
-------+----------+-------------------------------------------
     0 | D:1      | Peloso the Minotaur Fighter began the quest for the Orb.
     0 | D:1      | Reached XP level 1. HP: 19/19 MP: 0/0
   115 | D:1      | Reached XP level 2. HP: 25/27 MP: 1/1
   266 | D:1      | Reached XP level 3. HP: 28/33 MP: 2/2
   755 | D:2      | Found a shimmering altar of Xom.
   755 | D:2      | Found a shimmering altar of Xom.
   757 | D:2      | Found a shimmering altar of Xom.
   757 | D:2      | Found a shimmering altar of Xom.
   758 | D:2      | Found a shimmering altar of Xom.
  1138 | D:2      | Reached XP level 4. HP: 38/40 MP: 3/3
  1498 | D:3      | Found a bloodstained altar of Trog.
  1592 | D:3      | Found a stormy altar of Qazlal.
  1616 | D:3      | Reached skill level 5 in Shields
  1851 | D:3      | Reached XP level 5. HP: 35/47 MP: 4/4
  3035 | D:4      | Reached XP level 6. HP: 44/53 MP: 5/5
  3058 | D:4      | Reached skill level 5 in Armour
  3062 | D:4      | Reached skill level 5 in Long Blades
  3070 | D:4      | Slain by a gnoll

Skill      XL: |  1  2  3  4  5  6 |
---------------+-------------------+-----
Shields        | 4 5 |  5.7
Armour         | 4 5 |  5.0
Fighting       | 4 |  4.4
Long Blades    | 3 4 5 |  5.0
Dodging        | |  0.2

Action                   |  1- 3 |  4- 6 || total
-------------------------+-------+-------++-------
Melee: Long sword        |   107 |   149 ||   256
       Headbutt          |    16 |    24 ||    40
  Use: Potion            |       |     2 ||     2
  Eat: Chunk             |       |     3 ||     3
       Ration            |       |     1 ||     1
Armor: Plate armour      |    97 |   106 ||   203
       Scale mail        |     1 |       ||     1
Dodge: Dodged            |    16 |    21 ||    37
Block: Shield            |    78 |    83 ||   161
       Rpst.: Long sword |     6 |     7 ||    13
